 Dungeon Crawl Stone Soup version 0.28-a0-1435-g82390b3a13 (webtiles) character file.

Game seed: 9983002177874645728

59 Lekart the Skirmisher (level 3, -7/33 HPs)
             Began as a Draconian Fighter on Jan 9, 2022.
             Was a Follower of Uskayaw.
             Killed from afar by Natasha (10 damage)
             ... with a magic dart
             ... on level 2 of the Dungeon.
             The game lasted 00:02:01 (1153 turns).

Lekart the Skirmisher (Draconian Fighter)           Turns: 1153, Time: 00:02:02

Health: -7/33      AC:  5    Str: 18    XL:     3   Next: 78%
Magic:  3/3        EV: 12    Int:  8    God:    Uskayaw [*.....]
Gold:   0          SH:  4    Dex: 12    Spells: 2/2 levels left

rFire   . . .      SeeInvis .   a - +0 long sword
rCold   . . .      Faith    .   b - +0 buckler
rNeg    . . .      Spirit   .   (armour unavailable)
rPois   .          Reflect  .   (helmet restricted)
rElec   .          Harm     .   (no cloak)
rCorr   .          Rampage  .   (no gloves)
Will    .....                   (no boots)
Stlth   +.........              (no amulet)
HPRegen 0.11/turn               (no ring)
MPRegen 0.08/turn               (no ring)

@: mighty, slowed, very slow
A: AC +5, unfitting armour, cold-blooded
a: Renounce Religion, Stomp


You were on level 2 of the Dungeon.
You worshipped Uskayaw.
Uskayaw was noncommittal.
You visited 1 branch of the dungeon, and saw 2 of its levels.

Inventory:

Hand Weapons
 a - a +0 long sword (weapon)
Armour
 b - a +0 buckler (worn)
Jewellery
 d - a +6 ring of dexterity
Scrolls
 e - a scroll of blinking {unknown}


   Skills:
 * Level 4.0 Fighting
 + Level 2.7 Long Blades
 + Level 2.9 Dodging
 + Level 3.3 Shields
 * Level 1.2 Invocations


You had 2 spell levels left.
You didn't know any spells.
Your spell library was empty.

Dungeon Overview and Level Annotations

Branches:
Dungeon (2/15)

Altars:
Uskayaw

Shops:
D:1 (

Annotations:
D:2 Natasha


Innate Abilities, Weirdness & Mutations

Your plain brown scales are hard. (AC +5)
You cannot fit into any form of body armour.
You are cold-blooded and may be slowed by cold attacks.


Message History

Natasha is almost dead.
The goblin shoots a stone.
The stone misses you. Natasha claws you.
* * * LOW HITPOINT WARNING * * *
The goblin shoots a stone.
The stone barely misses you. Natasha casts a spell at you.
You feel as though you will be slow longer.
You slash Natasha!
You kill Natasha!
Natasha screams in pain as she dies!
The goblin shoots a stone.
The stone closely misses you.
The goblin shoots a stone.
The stone hits you but does no damage.
You can now pass through a line of other dancers.
Your Fighting skill increases to level 4!
Your Invocations skill increases to level 1!
The goblin shoots a stone.
The stone barely misses you.
The goblin shoots a stone.
The stone barely misses you.
The goblin shoots a stone.
The stone closely misses you.
The goblin unwields a +2 hunting sling of freezing.
The goblin wields a +0 dagger.
The goblin hits you with a +0 dagger.
* * * LOW HITPOINT WARNING * * *
The goblin hits you with a +0 dagger.
* * * LOW HITPOINT WARNING * * *
You slash the goblin!
You kill the goblin!
Natasha, Servant of Life and Death comes into view.
You are too injured to fight recklessly!
Natasha is nearby!
You are too injured to fight recklessly!
Natasha is nearby!
Natasha is nearby!
You are too injured to fight recklessly!
You aren't carrying any items that you can evoke.
It was a potion of magic.
Magic courses through your body. Natasha casts a spell at you.
The magic dart hits you.
* * * LOW HITPOINT WARNING * * *
You are too injured to fight recklessly!
Natasha casts a spell at you. The magic dart hits you!
You die...

..........#..
........#.#####
.#######.#....#......
.....................
#h##....##..#.....
########....######.#.....
#.........#.# #.......
#.........#.#######).....
#.......@#...............
#...........######.#.....
.......)......####.####.#
#........#.......<.# .#
#........#.....##### .#
##########.....#####
#......>.......
#.###..........
#.<.....##.....


You could see Natasha.

Vanquished Creatures
  Natasha (D:2)
  A worm (D:2)
  2 ball pythons (D:1)
  2 bats (D:1)
  2 endoplasms (D:1)
  A giant cockroach (D:2)
  4 goblins
  2 hobgoblins (D:1)
  3 jackals (D:1)
  5 kobolds
  A quokka (D:1)
  A frilled lizard (D:1)
  2 rats (D:1)
27 creatures vanquished.

Notes
Turn   | Place    | Note
-------+----------+-------------------------------------------
     0 | D:1      | Lekart the Draconian Fighter began the quest for the Orb.
     0 | D:1      | Reached XP level 1. HP: 19/19 MP: 1/1
    24 | D:1      | Found a faded altar of an unknown god.
    44 | D:1      | Prayed at the altar of an unknown god.
    44 | D:1      | Became a worshipper of Uskayaw the Reveller
    44 | D:1      | Reached * piety under Uskayaw
   313 | D:1      | Reached ** piety under Uskayaw
   315 | D:1      | Reached XP level 2. HP: 26/26 MP: 2/2
   363 | D:1      | Found Ynoy's Weapon Shop.
  1104 | D:2      | Reached XP level 3. HP: 33/33 MP: 3/3
  1136 | D:2      | Noticed Natasha
  1142 | D:2      | Killed Natasha
  1143 | D:2      | Reached skill level 4 in Fighting
  1143 | D:2      | Reached skill level 1 in Invocations
  1151 | D:2      | Noticed Natasha
  1153 | D:2      | Killed from afar by Natasha

Illustrated notes

Levels and vault maps discovered:
D:1:      dpeg_arrival_arbitrary_c, layout_loops_corners,
          chequers_ecumenical_altar_island, serial_shops,
          nicolae_shop_bloodbath_and_beyond, minmay_statues_item,
          ebering_dispersal_statue_hall
D:2:      minmay_angry_zag, layout_rooms, basic_altar, minmay_pentomino_z2,
          uniq_robin, uniq_natasha

Skill      XL: |  1  2  3 |
---------------+----------+-----
Fighting       | 4 |  4.0
Invocations    | 1 |  1.2
Long Blades    | |  2.7
Dodging        | |  2.9
Shields        | |  3.3

Action                   || total
-------------------------++-------
Melee: Long sword        ||    69
       Tailslap          ||    12
  Use: Potion            ||     2
 Stab: Sleeping          ||     1
Armor: Skin              ||    18
Dodge: Dodged            ||    50
Block: Buckler           ||    19

Table legend: (Time is in decaauts)
 A = Elapsed time spent in this place.
 B = Non-inter-level travel time spent in this place.
 C = Inter-level travel time spent in this place.
 D = Time resting spent in this place.
 E = Time spent auto-exploring this place.
 F = Levels seen in this place.
 G = Mean time per level.
                   A        B        C        D        E       F      G
               +--------+--------+--------+--------+--------+-----+--------+
         Total |   1196 |   1150 |     46 |      0 |    940 |   2 |  598.0 |
       Dungeon |   1196 |   1150 |     46 |      0 |    940 |   2 |  598.0 |
               +--------+--------+--------+--------+--------+-----+--------+

Top non-repeatable levels by time:
     D:1: 1130 daAuts
     D:2: 65 daAuts
